 Dungeon Crawl Stone Soup version 0.30-a0-845-g7c6808c8ce (webtiles) character file.

Game seed: 15867560609138269090

14 jasper the Insei (level 2, -1/21 HPs)
             Began as a Demonspawn Transmuter on Mar 2, 2023.
             Slain by Terence
             ... wielding a +0 mace
              (9 damage)
             ... on level 2 of the Dungeon.
             The game lasted 00:01:09 (659 turns).

jasper the Insei (Demonspawn Transmuter)             Turns: 659, Time: 00:01:10

Health: -1/21      AC:  2    Str: 10    XL:     2   Next: 27%
Magic:  4/5        EV: 12    Int: 14    God:
Gold:   57         SH:  0    Dex: 13    Spells: 4/5 levels left

rFire   . . .      SeeInvis .      - Unarmed
rCold   . . .      Faith    .    (no shield)
rNeg    . . .      Spirit   .    a - +0 robe
rPois   .          Reflect  .    k - melded +0 helmet
rElec   .          Rampage  .    (no cloak)
rCorr   .                        (no gloves)
Will    .....                    (boots currently unavailable)
Stlth   +                        (no amulet)
HPRegen 0.23/turn                (no ring)
MPRegen 0.09/turn                (no ring)

@: appendages (expiring)
A: horns 2, talons 2, claws 1
a: End Transformation


You were on level 2 of the Dungeon.
You had temporarily grown beastly horns and talons.
You visited 1 branch of the dungeon, and saw 2 of its levels.

You collected 57 gold pieces.

Inventory:

Missiles
 d - 19 stones
Armour
 a - a +0 robe (worn)
 k - a +0 helmet (melded)
Scrolls
 f - a scroll of identify {unknown}
 j - 2 scrolls of amnesia {unknown}
Potions
 b - a potion of lignification
 c - a potion of mutation {unknown}
 e - 2 potions of curing
 g - a potion of berserk rage {unknown}
 h - 2 potions of heal wounds {unknown}
 i - 2 potions of cancellation {unknown}


   Skills:
 + Level 1.5 Fighting
 - Level 1.7 Dodging
 * Level 3.2 Unarmed Combat
 - Level 2.0 Spellcasting
 - Level 1.7 Transmutations


You had 4 spell levels left.
You knew the following spells:

 Your Spells              Type           Power      Damage    Failure   Level
a - Beastly Appendage     Tmut           12%        N/A       12%         1

Your spell library contained the following spells:

 Spells                   Type           Power      Damage    Failure   Level
 Wereblood                Tmut           6%         N/A       17%         2
 Spider Form              Tmut/Pois      3%         N/A       45%         3
 Ice Form                 Ice/Tmut       3%         N/A       86%         4


Dungeon Overview and Level Annotations

Branches:
Dungeon (2/15)

Altars:

Annotations:
D:2 Terence


Innate Abilities, Weirdness & Mutations

You have temporarily grown beastly horns and talons.
You have sharp fingernails.


Message History

The hobgoblin is moderately wounded.
The hobgoblin misses you.
You scratch the hobgoblin. Your kick misses the hobgoblin.
The hobgoblin is heavily wounded.
The hobgoblin hits you.
You take 2 damage, and have 19/21 hp.
You scratch the hobgoblin but do no damage.
You claw the hobgoblin, but do no damage.
Your headbutt misses the hobgoblin.
The hobgoblin is heavily wounded.
Your horns disappear.
Your talons disappear.
Your +0 helmet unmelds from your body.
The hobgoblin barely misses you.
You scratch the hobgoblin.
You kill the hobgoblin!
Casting: Beastly Appendage (safe; 12% risk of failure)
Press: ? - help, Q - select action, (/) - cycle Dir - look around, f - activate You grow a pair of large bovine horns.
Your feet morph into talons.
Your +0 helmet melds into your body.
Your transformation is almost over.
Health restored: 21 You now have 4/5 mp.
Throw: 20 stones
Press: ? - help, Shift-Dir - straight line, f - Terence
Aim: Terence, wielding a +0 mace and wearing a +0 scale mail (60% to hit)
You throw a stone. The stone completely misses Terence.
You scratch Terence but do no damage. Terence hits you with a +0 mace.
You take 3 damage, and have 18/21 hp.
You scratch Terence but do no damage. You claw Terence, but do no damage.
Terence hits you with a +0 mace.
You take 3 damage, and have 15/21 hp.
You closely miss Terence. Your kick misses Terence. Terence closely misses you.
You scratch Terence but do no damage. Your kick misses Terence.
Your headbutt misses Terence. Terence hits you with a +0 mace.
You take 6 damage, and have 10/21 hp.
MASSIVE DAMAGE!!
You scratch Terence but do no damage. You claw Terence, but do no damage.
Terence hits you with a +0 mace!
* * * LOW HITPOINT WARNING * * *
You take 9 damage, and have 1/21 hp.
MASSIVE DAMAGE!!
It was a potion of curing.
You feel better. Terence hits you with a +0 mace!
You die...

#..... ### #.##.# #
.... .....# ..
.$..###.##.# ###.#
♣P.P#.##.#####....##
♣P..##............
♣PP.##.##.PP..P>#
♣♣.@.#.#.P.♣ ...##
♣♣@.#.#..♣♣ .P...
♣P..†##..♣♣..#
#..P.P..###.PP..###
##......###.P..P..#
.........##..PP.♣PP##
########.#....♣♣♣P.P#
#.#.##P.P♣...#
.<#.##.P.P..###
###.##.........


You could see Terence.

Vanquished Creatures
  A dart slug (D:1)
  2 endoplasms (D:1)
  A giant cockroach (D:1)
  2 hobgoblins
  A quokka (D:1)
  A bat (D:2)
  3 frilled lizards
11 creatures vanquished.

Vanquished Creatures (others)
  A plant (D:2)
1 creature vanquished.

Grand Total: 12 creatures vanquished

Notes
Turn   | Place    | Note
-------+----------+-------------------------------------------
     0 | D:1      | jasper the Demonspawn Transmuter began the quest for the
                  | Orb.
     0 | D:1      | Reached XP level 1. HP: 15/15 MP: 3/3
   139 | D:1      | Reached skill level 3 in Unarmed Combat
   295 | D:1      | Gained mutation: You have sharp fingernails. [demonic
                  | ancestry]
   295 | D:1      | Reached XP level 2. HP: 21/21 MP: 5/5
   472 | D:1      | Found a faded altar of an unknown god.
   642 | D:2      | Noticed Terence
   658 | D:2      | HP: 1/21 [Terence/+0 mace (9)]
   659 | D:2      | Slain by Terence

Illustrated notes

Levels and vault maps discovered:
D:1:      dpeg_arrival_pond, layout_rooms, dilly_ecumenical_altar_fadedgnrine
D:2:      layout_loops_ring, serial_forest, infiniplex_forest_clump_diagonal,
          infiniplex_forest_lined_2, infiniplex_forest_clump_cross,
          infiniplex_forest_clump_double, infiniplex_forest_clump_double,
          infiniplex_forest_straight_2, infiniplex_forest_side_room,
          infiniplex_forest_straight_2, infiniplex_forest_fountain,
          infiniplex_forest_lined_room_3, basic_altar,
          nicolae_figureground_pulse, uniq_terence

Skill      XL: |  1 |
---------------+----+-----
Unarmed Combat | 3 |  3.2
Fighting       | |  1.5
Dodging        | |  1.7
Spellcasting   | |  2.0
Transmutations | |  1.7

Action                     || total
---------------------------++-------
  Melee: Unarmed           ||    25
         Headbutt          ||     2
         Kick              ||     6
         Punch             ||     1
  Throw: Stone             ||     1
   Cast: Beastly Appendage ||    10
    Use: Potion            ||     1
  Dodge: Dodged            ||    10

Table legend: (Time is in decaauts)
 A = Elapsed time spent in this place.
 B = Non-inter-level travel time spent in this place.
 C = Inter-level travel time spent in this place.
 D = Time resting spent in this place.
 E = Time spent auto-exploring this place.
 F = Levels seen in this place.
 G = Mean time per level.
                   A        B        C        D        E       F      G
               +--------+--------+--------+--------+--------+-----+--------+
         Total |    657 |    620 |     37 |      0 |    479 |   2 |  328.5 |
       Dungeon |    657 |    620 |     37 |      0 |    479 |   2 |  328.5 |
               +--------+--------+--------+--------+--------+-----+--------+

Top non-repeatable levels by time:
     D:1: 587 daAuts
     D:2: 70 daAuts
